cohdb
Replays
Latest Replays
All Replays
Popular Replays
Top Player Replays
Match Explorer
How It Works
Community
CoH3 Stats
Reddit
Sign in to upload your games and track your stats! →
Sign in with Steam
Match 41840807
Unlisted
Match 41840807
Overview
Messages
Build Orders
End
Engineer Squad
Construct Barracks
Selects Heavy Weapons
Riflemen Squad
Construct Weapon Support Center
M1919 Machine Gun Team
Mechanized Support Center
Selects M2HB .50cal Heavy Machine Gun
M3 Armored Personnel Carrier
Selects Assault Carriers
M3 Assault Carrier
M3 Assault Carrier
M3 Assault Carrier
Engineer Squad
Selects Exchangeable Parts
Solomon Raz
Chip!
Raptor
CPU - VERY EASY
Senten[GER]
ilya_anatoli4
Lenard
Joker
0
0
Comments
sign in to comment!
No comments posted yet!